 Dungeon Crawl Stone Soup version 0.24.1-14-gf8d2b509d9 (webtiles) character file.

Game seed: 4961717038936294333, levelgen mode: deterministic

132 Gruesph the Charlatan (level 4, 0/35 HPs)
             Began as a Demonspawn Artificer on May 20, 2020.
             Slain by Grinder (2 damage)
             ... on level 3 of the Dungeon.
             The game lasted 00:12:05 (3137 turns).

Gruesph the Charlatan (Demonspawn Artificer)        Turns: 3137, Time: 00:12:05

Health: 0/35       AC:  7    Str: 13    XL:     4   Next: 92%
Magic:  7/7        EV:  9    Int: 12    God:
Gold:   150        SH:  0    Dex: 14    Spells: 3/3 levels left

rFire    . . .     SeeInvis .   a - +0 short sword
rCold    . . .     Gourm    .   (no shield)
rNeg     . . .     Faith    .   n - +0 scale mail
rPois    .         Spirit   .   (helmet restricted)
rElec    .         Reflect  .   (no cloak)
rCorr    .         Harm     .   (no gloves)
MR       .....                  j - +0 pair of boots
Stlth    ++........             (no amulet)
HPRegen  0.11/turn              (no ring)
MPRegen  0.10/turn              (no ring)

@: no status effects
A: horns 1, nightstalker 1
a: no special abilities


You were on level 3 of the Dungeon.
You were not hungry.

You visited 1 branch of the dungeon, and saw 3 of its levels.

You collected 150 gold pieces.

Inventory:

Hand Weapons
 a - a +0 short sword (weapon)
 b - a +0 hunting sling
Missiles
 q - 42 stones (quivered)
 v - 18 arrows
 w - a throwing net
Armour
 j - a +0 pair of boots (worn)
 n - a +0 scale mail (worn)
Jewellery
 g - a +4 ring of strength {unknown}
 r - an uncursed ring of protection from fire {unknown}
 A - a cursed ring of fire {unknown}
Wands
 c - a wand of flame (15)
 d - a wand of enslavement (14)
 e - a wand of random effects (15)
Scrolls
 k - a scroll of identify {unknown}
 l - a scroll of enchant armour {unknown}
 o - a scroll of immolation {unknown}
 u - a scroll of noise {unknown}
 x - a scroll of teleportation {unknown}
 y - a scroll of remove curse {unknown}
 B - 2 scrolls of magic mapping {unknown}
Potions
 h - a potion of lignification {unknown}
 i - 2 potions of resistance {unknown}
 m - a potion of cancellation {unknown}
 p - a potion of curing {unknown}
 s - a potion of brilliance {unknown}
 t - 2 potions of heal wounds {unknown}
Comestibles
 f - 6 rations


   Skills:
 + Level 3.1 Fighting
 - Level 0.8 Short Blades
 - Level 1.7 Dodging
 - Level 2.0 Stealth
 + Level 4.3 Evocations


You had 3 spell levels left.
You didn't know any spells.
Your spell library was empty.

Dungeon Overview and Level Annotations

Branches:
Dungeon (3/15)

Altars:
The Shining One

Annotations:
D:3 Grinder


Innate Abilities, Weirdness & Mutations

You have a pair of small horns on your head.
You are slightly more attuned to the shadows.


Message History

Grinder is lightly wounded.
The hobgoblin closely misses you. Grinder hits you but does no damage.
The frilled lizard barely misses you.
Your scale mail prevents you from hitting Grinder.
Grinder is lightly wounded.
The hobgoblin closely misses you. Grinder hits you.
* * * LOW HITPOINT WARNING * * *
You writhe in agony.
* * * LOW HITPOINT WARNING * * *
The frilled lizard bites you but does no damage.
You closely miss Grinder.
Grinder is lightly wounded.
The hobgoblin hits you but does no damage.
Grinder hits you but does no damage. The frilled lizard closely misses you.
You closely miss Grinder.
Grinder is lightly wounded.
The hobgoblin hits you with a +0 club.
* * * LOW HITPOINT WARNING * * *
Grinder hits you.
You die...

#.#.#..'...###.....###...'..##.#
#.#....#....####'######..#..##.#.
.......#.....#.....#.###.#.###.#.
#.###..##....#.....#..####†#.....
#......###...'.....'...###.......
######.# ##†.#..)..#....##.......
#......# ##.#.....#.....#...#.##
#.####.# #####'####....#...#.#
#.# ..+ #..@..###...'.....# #.#
#.# ##5lg..###..#..#..# #.# <.#
##.....###.#..#..# #.# ..#
##.....####..#..# #.# .# #.....
#..# .# #.# ##+## ...# # #.# ...#
#.# #.#


You could see Grinder, a hobgoblin and a frilled lizard.

Vanquished Creatures
  4 adders
  A gnoll (D:2)
  An ooze (D:1)
  3 worms
  A dart slug (D:1)
  2 leopard geckos
  An orc (D:3)
  5 giant cockroaches
  7 goblins
  6 hobgoblins
  6 jackals
  6 kobolds
  A ball python (D:1)
  7 bats
  4 frilled lizards
  14 rats
69 creatures vanquished.

Vanquished Creatures (collateral kills)
  A gnoll (D:2)
1 creature vanquished.

Vanquished Creatures (others)
  A gnoll (D:2)
1 creature vanquished.

Grand Total: 71 creatures vanquished

Notes
Turn   | Place    | Note
-------+----------+-------------------------------------------
     0 | D:1      | Gruesph the Demonspawn Artificer began the quest for the
                  | Orb.
     0 | D:1      | Reached XP level 1. HP: 15/15 MP: 3/3
   100 | D:1      | Reached skill level 1 in Stealth
   444 | D:1      | Gained mutation: You are slightly more attuned to the
                  | shadows. [demonic ancestry]
   444 | D:1      | Reached XP level 2. HP: 19/21 MP: 4/4
  1021 | D:1      | Reached XP level 3. HP: 25/27 MP: 5/5
  2030 | D:2      | Gained mutation: You have a pair of small horns on your
                  | head. [demonic ancestry]
  2030 | D:2      | Reached XP level 4. HP: 34/34 MP: 6/6
  2110 | D:2      | Reached skill level 4 in Evocations
  2394 | D:2      | Found a glowing golden altar of the Shining One.
  3127 | D:3      | Noticed Grinder
  3137 | D:3      | Slain by Grinder

Levels and vault maps discovered:
D:1:      nagdon_arrival_double_spiral, layout_basic
D:2:      layout_loops_ring, tso_altar, minmay_misc_feat_iff,
          minmay_pentomino_o4
D:3:      layout_basic, lemuel_crystal_altar,
          chequers_temple_overflow_minitemple, minmay_quadrilaterals,
          uniq_grinder

Skill      XL: |  1  2  3  4 |
---------------+-------------+-----
Stealth        | 1 2 |  2.0
Fighting       | 2 3 |  3.1
Evocations     | 4 |  4.3
Short Blades   | |  0.8
Dodging        | |  1.7

Action                   |  1- 3 |  4- 6 || total
-------------------------+-------+-------++-------
Melee: Short sword       |   205 |    67 ||   272
       Headbutt          |       |    20 ||    20
 Fire: Hunting sling     |       |    10 ||    10
Evoke: Wand              |     1 |       ||     1
 Stab: Sleeping          |     6 |     2 ||     8
  Eat: Chunk             |     4 |     3 ||     7
Armor: Leather armour    |    41 |       ||    41
       Scale mail        |    61 |    46 ||   107
Dodge: Dodged            |   131 |    50 ||   181
